 Dungeon Crawl Stone Soup version 0.27-a0-1154-gfdeffcb720 (webtiles) character file.

Game seed: 7924257056708194908

142 robertstho the Magician (level 5, -11/36 HPs)
             Began as a Djinni Ice Elementalist on May 14, 2021.
             Mangled by Menkaure (14 damage)
             ... on level 3 of the Dungeon.
             The game lasted 00:08:19 (4066 turns).

robertstho the Magician (Djinni Ice Elementalist)   Turns: 4066, Time: 00:08:21

Health: -11/36     AC:  7    Str:  7    XL:     5   Next: 50%
Gold:   159        EV: 12    Int: 18    God:
                   SH:  0    Dex: 13

rFire    + + .     SeeInvis .   b - +0 short sword
rCold    x . .     Faith    .   (no shield)
rNeg     . . .     Spirit   .   a - +1 robe
rPois    ∞         Reflect  .   f - +2 helmet
rElec    .         Harm     .   j - +0 cloak
rCorr    .         Rampage  .   (no gloves)
Will     .....                  (boots unavailable)
Stlth    ++........             (no amulet)
HPRegen  0.12/turn              (no ring)
MPRegen  0.00/turn              (no ring)

@: about to teleport, flying
A: sickness immunity, fire resistance 2, cold vulnerability 1, float, innate
caster, hp casting, extra vitality 1
a: no special abilities


You were on level 3 of the Dungeon.
You visited 1 branch of the dungeon, and saw 4 of its levels.

You collected 159 gold pieces.

Inventory:

Hand Weapons
 b - a +0 short sword (weapon)
Missiles
 i - 6 curare-tipped darts
Armour
 a - a +1 robe (worn)
 f - a +2 helmet (worn)
 j - a +0 cloak (worn)
Scrolls
 d - a scroll of fear {unknown}
 e - a scroll of blinking {unknown}
Potions
 g - 2 potions of lignification
 h - 2 potions of heal wounds {unknown}


   Skills:
 + Level 0.3 Fighting
 + Level 2.8 Dodging
 + Level 2.1 Stealth
 + Level 0.7 Unarmed Combat
 + Level 4.5 Spellcasting


You couldn't memorise any spells.
You knew the following spells:

 Your Spells              Type           Power      Damage    Failure   Level
a - Freeze                Ice            80%        1d9       2%          1
b - Frozen Ramparts       Ice            40%        1d6       6%          3
c - Ozocubu's Armour      Ice            20%        N/A       6%          3
d - Hailstorm             Conj/Ice       20%        3d6       22%         4
e - Metabolic Englaciati  Hex/Ice        10%        N/A       52%         5
f - Animate Skeleton      Necr           40%        N/A       2%          1
g - Corpse Rot            Necr/Air       N/A        N/A       3%          2
Your spell library was empty.

Dungeon Overview and Level Annotations

Branches:
Dungeon (4/15)
 Temple: D:4-7

Altars:
Dithmenos
Elyvilon
Kikubaaqudgha
Makhleb
Sif Muna
Xom
Yredelemnul

Shops:
D:3 [

Annotations:
D:3 Menkaure


Innate Abilities, Weirdness & Mutations

You are immune to sickness and miasma.
You are immune to poison.
Your flesh is very heat resistant. (rF++)
You are vulnerable to cold. (rC-)
You float through the air rather than walking.
You learn spells naturally, not from books.
Your magical power is your life essence.
You have superior vitality. (+4 HP)


Message History

You hit Menkaure but do no damage.
Menkaure is lightly damaged.
An orc comes into view. It is wielding a +0 club.
The wall freezes the orc. x2
You kill the orc!
Menkaure resists.
The wall freezes Menkaure.
Menkaure closely misses you.
The wall freezes the orc.
You kill the orc!
The orc moves out of view.
You completely miss Menkaure.
Menkaure is lightly damaged.
The wall freezes something.
Menkaure resists.
The wall freezes Menkaure.
Menkaure hits you.
You hit Menkaure but do no damage.
Menkaure is moderately damaged.
The wall freezes something.
The wall freezes the orc.
Menkaure resists.
The wall freezes Menkaure.
Menkaure misses you.
Unknown command.
You hit Menkaure.
Menkaure is heavily damaged.
The wall freezes something.
The wall freezes the orc.
You kill the orc!
You hit Menkaure.
Menkaure is heavily damaged.
The frozen ramparts melt away.
Menkaure hits you!
* * * LOW HITPOINT WARNING * * *
Something hits you.
* * * LOW HITPOINT WARNING * * *
Menkaure misses you. Something hits you but does no damage.
You fly upwards.
Reactivating autopickup.
Your magical contamination has completely faded away.
There is a stone staircase leading down here.
As you read the scroll labelled NIUSAN GUITWU, it crumbles to dust.
You feel strangely unstable.
It was a scroll of teleportation.
Something hits you.
* * * LOW HITPOINT WARNING * * *
Deactivating autopickup; reactivate with Ctrl-A.
Menkaure hits you!
You die...

######...###......#
# ##### ####.### #
###..### ######
#......# .....#####
#.#.##.# ...P.....#
#.#.##.# .P∩......#
#...##.# .PPP.....#
#.####M# .........#
#....@.# .#.......#
#.######
.###########.# .#
#...#
.#########.#.#
.........._..#
.#.......#.###
......##...#
##..#.##..##


You could see Menkaure.

Vanquished Creatures
  An adder (D:2)
  4 gnolls (D:2)
  A dart slug (D:1)
  7 orcs
  5 endoplasms
  3 giant cockroaches
  4 goblins
  5 hobgoblins
  15 jackals
  6 kobolds
  3 ball pythons
  4 bats
  7 frilled lizards
  6 rats
71 creatures vanquished.

Vanquished Creatures (collateral kills)
  A shadow imp (D:2)
  A worm (D:2)
  A ball python (D:2)
3 creatures vanquished.

Vanquished Creatures (others)
  An adder (D:3)
  An orc (D:3)
  A ball python (D:3)
  8 plants (D:3)
11 creatures vanquished.

Grand Total: 85 creatures vanquished

Notes
Turn   | Place    | Note
-------+----------+-------------------------------------------
     0 | D:1      | robertstho the Djinni Ice Elementalist began the quest for
                  | the Orb.
     0 | D:1      | Reached XP level 1. HP: 15/15 MP: 0/0
   551 | D:1      | Reached XP level 2. HP: 18/21 MP: 0/0
  1097 | D:1      | Reached XP level 3. HP: 22/25 MP: 0/0
  1097 | D:1      | Learned a level 1 spell: Animate Skeleton
  2284 | D:2      | Reached XP level 4. HP: 21/31 MP: 0/0
  2298 | D:2      | Reached skill level 4 in Spellcasting
  2649 | D:2      | Reached XP level 5. HP: 6/35 MP: 0/0
  2649 | D:2      | Learned a level 2 spell: Corpse Rot
  3203 | D:3      | Found a shadowy altar of Dithmenos.
  3372 | D:3      | Found a shimmering altar of Xom.
  3435 | D:3      | Found Hyriaraj's Antique Armour Emporium.
  3454 | D:3      | Found a basalt altar of Yredelemnul.
  3510 | D:3      | Found a white marble altar of Elyvilon.
  4001 | D:3      | Found a burning altar of Makhleb.
  4056 | D:4      | Noticed Menkaure
  4066 | D:3      | Mangled by Menkaure

Illustrated notes

Levels and vault maps discovered:
D:1:      dpeg_arrival_castle, layout_basic, nrook_campfire, minivault_23
D:2:      layout_rooms, minmay_cupped
D:3:      layout_loops_cross, nicolae_elyvilon_temple_path,
          lemuel_crystal_altar, lemuel_round_altar, xom_confusion_cloud,
          nicolae_overflow_crystal_walls, lemuel_crystal_altar,
          lemuel_round_altar, serial_shops, nicolae_shop_overgrown_old_shop,
          minmay_lizard_king
D:4:      layout_basic, nicolae_overflow_hidden_temple, temple_fountains,
          amcnicky_mini_corridor_feature, uniq_duvessa, uniq_menkaure

Skill      XL: |  1  2  3  4 |
---------------+-------------+-----
Stealth        | 2 |  2.1
Spellcasting   | 4 |  4.5
Fighting       | |  0.3
Dodging        | |  2.8
Unarmed Combat | |  0.7

Action                   |  1- 3 |  4- 6 || total
-------------------------+-------+-------++-------
Melee: Unarmed           |    26 |     6 ||    32
       Short sword       |       |    18 ||    18
 Cast: Freeze            |    47 |    13 ||    60
       Frozen Ramparts   |     3 |    14 ||    17
       Ozocubu's Armour  |     1 |       ||     1
  Use: Scroll            |       |     7 ||     7
 Stab: Sleeping          |     1 |       ||     1
Armor: Robe              |    20 |    12 ||    32
Dodge: Dodged            |    52 |    23 ||    75

Table legend: (Time is in decaauts)
 A = Elapsed time spent in this place.
 B = Non-inter-level travel time spent in this place.
 C = Inter-level travel time spent in this place.
 D = Time resting spent in this place.
 E = Time spent auto-exploring this place.
 F = Levels seen in this place.
 G = Mean time per level.
                   A        B        C        D        E       F      G
               +--------+--------+--------+--------+--------+-----+--------+
         Total |   4070 |   3948 |    122 |    675 |   2810 |   4 | 1017.5 |
       Dungeon |   4070 |   3948 |    122 |    675 |   2810 |   4 | 1017.5 |
               +--------+--------+--------+--------+--------+-----+--------+

Top non-repeatable levels by time:
     D:1: 1870 daAuts
     D:2: 1123 daAuts
     D:3: 1065 daAuts
     D:4: 11 daAuts
